 Dungeon Crawl Stone Soup version 0.24.0-123-gd5b16e6ec5 (webtiles) character file.

Game seed: 1378749935958170729, levelgen mode: deterministic

418 AuftragZ the Chopper (level 6, -8/51 HPs)
             Began as a Draconian Skald on Jan 24, 2020.
             Mangled by an ogre
             ... wielding a +0 giant club
              (16 damage)
             ... on level 5 of the Dungeon.
             The game lasted 00:11:18 (4490 turns).

AuftragZ the Chopper (Draconian Skald)              Turns: 4490, Time: 00:11:18

Health: -8/51      AC:  7    Str: 15    XL:     6   Next: 61%
Magic:  9/9        EV: 14    Int: 14    God:
Gold:   125        SH:  0    Dex: 16    Spells: 6/9 levels left

rFire    . . .     SeeInvis .   m - +1 whip (venom)
rCold    . . .     Gourm    .   (no shield)
rNeg     . . .     Faith    .   (armour unavailable)
rPois    .         Spirit   .   (helmet restricted)
rElec    .         Reflect  .   (no cloak)
rCorr    .         Harm     .   (no gloves)
MR       .....                  d - +0 pair of boots
Stlth    +.........             (no amulet)
HPRegen  0.17/turn              b - +6 ring of dexterity
MPRegen  0.11/turn              (no ring)

@: confused
A: unfitting armour, cold-blooded, AC +6
a: no special abilities


You were on level 5 of the Dungeon.
You were very hungry.

You visited 1 branch of the dungeon, and saw 7 of its levels.

You collected 125 gold pieces.

Inventory:

Hand Weapons
 a - a +1 hand axe
 m - a +1 whip of venom (weapon)
Armour
 d - a +0 pair of boots (worn)
Magical Staves
 g - an uncursed staff of poison
Jewellery
 b - a +6 ring of dexterity (left hand)
 l - a +5 ring of intelligence {unknown}
Scrolls
 f - a scroll of magic mapping
 j - 2 scrolls of remove curse
 k - a scroll of identify
Potions
 e - a potion of agility
 i - a potion of haste
Comestibles
 c - 4 rations


   Skills:
 + Level 3.3 Fighting
 + Level 4.7 Axes
 + Level 3.2 Dodging
 + Level 2.2 Stealth
 + Level 2.4 Spellcasting
 + Level 3.4 Charms


You had 6 spell levels left.
You knew the following spells:

 Your Spells              Type           Power        Failure   Level  Hunger
a - Infusion              Chrm           ##..         5%          1    #......
b - Song of Slaying       Chrm           ##......     9%          2    ###....

Your spell library contained the following spells:

 Spells                   Type           Power        Failure   Level  Hunger
 Shroud of Golubria       Chrm/Tloc      #.....       17%         2    ###....
 Regeneration             Chrm/Necr      #.........   32%         3    ###....
 Spectral Weapon          Hex/Chrm       #.......     32%         3    ###....


Dungeon Overview and Level Annotations

Branches:
Dungeon (7/15)
 Temple: D:4-7

Altars:
Nemelex Xobeh
Okawaru

Annotations:
D:5 Grinder, Prince Ribbit


Innate Abilities, Weirdness & Mutations

Your plain brown scales are hard. (AC +6)
You cannot fit into any form of body armour.
You are cold-blooded and may be slowed by cold attacks.


Message History

You barely resist.
Prince Ribbit croaks.
Something hits you.
You hit Grinder but do no damage.
Grinder is poisoned.
Grinder misses you. The ogre closely misses you.
You hear some strange, mumbled words.
You are confused.
You bump into the rock wall.
Grinder hits you!
* * * LOW HITPOINT WARNING * * *
You writhe in agony.
* * * LOW HITPOINT WARNING * * *
Something hits you but does no damage.
You hit Grinder but do no damage.
Grinder looks as sick as possible!
Grinder is lightly wounded.
The ogre misses you. Grinder barely misses you. Something hits you.
* * * LOW HITPOINT WARNING * * *
You barely miss Grinder. You tail-slap Grinder.
Grinder is moderately wounded.
Grinder blinks!
The ogre hits you with a +0 giant club!
You die...

## #... ###.#.#
......#
###.....#
##O......# #
#@ยง).....#.
#..##.>.......
#............
#..........!.
...F.....[..##..
...........5# .
..........#...
###......##.#..
........# .....


You could see Grinder and an ogre.

Vanquished Creatures
  A howler monkey (D:6)
  A crimson imp (D:3)
  3 orc wizards (D:3)
  A bullfrog skeleton (D:2)
  A centaur skeleton (D:3)
  Jessica (D:2)
  A hound skeleton (D:5)
  4 gnolls (D:4)
  2 adders (D:2)
  3 worms (D:2)
  3 dart slugs
  A leopard gecko (D:3)
  5 orcs (D:3)
  7 bats
  4 giant cockroaches
  14 goblins
  6 hobgoblins
  8 jackals (D:3)
  8 kobolds
  3 quokkas
  3 ball pythons (D:2)
  2 frilled lizards (D:2)
  3 rats
85 creatures vanquished.

Notes
Turn   | Place    | Note
-------+----------+-------------------------------------------
     0 | D:1      | AuftragZ the Draconian Skald began the quest for the Orb.
     0 | D:1      | Reached XP level 1. HP: 17/17 MP: 3/3
   866 | D:2      | Reached XP level 2. HP: 24/24 MP: 5/5
  1076 | D:2      | Reached XP level 3. HP: 12/30 MP: 6/6
  1457 | D:2      | Found a sparkling altar of Nemelex Xobeh.
  1665 | D:2      | Reached XP level 4. HP: 31/37 MP: 7/7
  2142 | D:2      | Noticed Jessica
  2294 | D:2      | Killed Jessica
  2294 | D:2      | Reached skill level 1 in Stealth
  2956 | D:3      | Learned a level 2 spell: Song of Slaying
  2971 | D:3      | Reached skill level 3 in Axes
  2971 | D:3      | Reached XP level 5. HP: 31/42 MP: 0/8
  3123 | D:3      | Found an iron altar of Okawaru.
  3865 | D:3      | Reached skill level 4 in Axes
  4077 | D:3      | Reached XP level 6. HP: 50/50 MP: 9/9
  4437 | D:4      | You fall into a shaft and drop 3 floors!
  4470 | D:5      | Entered Level 5 of the Dungeon
  4470 | D:5      | Noticed Grinder
  4475 | D:5      | Paralysed by Grinder for 6 turns
  4484 | D:5      | Noticed Prince Ribbit
  4490 | D:5      | Mangled by an ogre

Levels and vault maps discovered:
D:1:      minmay_arrival_shattered_statue, layout_loops_cross
D:2:      layout_loops_corners, nemelex_xobeh_ov_fountains_minmay,
          minmay_diced_spiral, uniq_jessica
D:3:      layout_basic, okawaru_altar_gauntlet_db
D:4:      layout_basic, vehumet_altar_wand_db, minmay_temple_entry_junction,
          glass_columns_b, kennysheep_generic_room_2
D:5:      layout_cave_pools, overflow_temple_1_default, first_ration,
          uniq_edmund, uniq_prince_ribbit1, uniq_grinder
D:6:      layout_cave_pools
D:7:      minmay_octagon_keep, layout_basic, nicolae_overflow_crystal_walls,
          gammafunk_ghost_berserking_beasts, grunt_ogre_cave,
          nemelex_diamond_rough_becter

Skill      XL: |  1  2  3  4  5  6 |
---------------+-------------------+-----
Charms         | 3 |  3.4
Stealth        | 2 |  2.2
Axes           | 3 4 |  4.7
Dodging        | 3 |  3.2
Fighting       | 3 |  3.3
Spellcasting   | |  2.4

Action                   |  1- 3 |  4- 6 || total
-------------------------+-------+-------++-------
Melee: Hand axe          |    77 |   140 ||   217
       Tailslap          |     9 |    26 ||    35
       Whip              |       |    24 ||    24
 Cast: Song of Slaying   |       |     3 ||     3
       Infusion          |       |     2 ||     2
  Use: Potion            |     5 |     1 ||     6
       Scroll            |     6 |     5 ||    11
 Stab: Sleeping          |     1 |     2 ||     3
  Eat: Chunk             |     2 |     5 ||     7
       Ration            |       |     1 ||     1
Armor: Skin              |    24 |    77 ||   101
Dodge: Dodged            |    60 |   154 ||   214
